 Dungeon Crawl Stone Soup version 0.30.0-5-g1a98f26d00 (webtiles) character file.

Game seed: 4161741789120608102

12479 edwardauron the Fighter (level 11, -2/95 HPs)
             Began as a Demonspawn Ice Elementalist on May 12, 2023.
             Was a Priest of Sif Muna.
             Slain by Urug
             ... wielding a +4 scimitar of flaming
              (17 damage)
             ... on level 11 of the Dungeon.
             The game lasted 00:29:09 (11498 turns).

edwardauron the Fighter (DsIE)                     Turns: 11498, Time: 00:29:10

Health: -2/95      AC: 20    Str: 13    XL:     11   Next: 63%
Magic:  16/23      EV: 16    Int: 26    God:    Sif Muna [***...]
Gold:   464        SH:  4    Dex: 12    Spells: 19/26 levels left

rFire   + . .        b - +6 spear "Gonlemucw" {venom, rF+ rN+}
rCold   . . .        J - +1 buckler {AC+3}
rNeg    + + .        L - +0 troll leather armour
rPois   .            i - +0 helmet
rElec   .            q - +1 cloak
rCorr   .            c - +0 pair of gloves
SInv    .            (no boots)
Will    .....        (no amulet)
Stlth   ++           d - ring of positive energy
HPRegen 1.15/turn    u - +6 ring of intelligence
MPRegen 0.18/turn

%: no passive effects
@: agile, ice-armoured, freezing walls, very slightly contaminated
A: powered by pain 2, sharp scales 1, demonic touch 2, strong 1, wild magic 1
a: Renounce Religion, Channel Magic, Forget Spell


You were on level 11 of the Dungeon.
You worshipped Sif Muna.
Sif Muna was most pleased with you.
You visited 1 branch of the dungeon, and saw 11 of its levels.
You also visited: Ossuary.

You collected 464 gold pieces.

Inventory:

Hand Weapons
 b - the +6 spear "Gonlemucw" (weapon) {venom, rF+ rN+}
   (You found it on level 4 of the Dungeon)

   rF:        It protects you from fire.
   rN:        It protects you from negative energy.
Missiles
 w - 5 throwing nets
Armour
 c - a +0 pair of gloves (worn)
 i - a +0 helmet (worn)
 n - a scarf of invisibility
 q - a +1 cloak (worn)
 H - +0 steam dragon scales
 J - a +1 buckler of protection (worn)
 L - a +0 troll leather armour (worn)
Magical Staves
 a - a staff of cold
 F - a staff of air
Jewellery
 d - a ring of positive energy (left hand)
 e - a ring of wizardry
 m - a ring of ice
 u - a +6 ring of intelligence (right hand)
Wands
 x - a wand of mindburst (18)
 C - a wand of roots (8)
 K - a wand of paralysis (7)
Scrolls
 o - 4 scrolls of fear
 p - a scroll of enchant weapon
 s - 8 scrolls of fog
 t - a scroll of poison
 y - a scroll of brand weapon
 A - 2 scrolls of blinking
 B - 2 scrolls of magic mapping
 G - 4 scrolls of amnesia
 I - 4 scrolls of teleportation
Potions
 f - 2 potions of might
 g - 4 potions of haste
 h - 2 potions of magic
 j - 2 potions of flight
 k - 2 potions of curing
 l - 2 potions of attraction
 r - 6 potions of degeneration {unknown}
 v - 3 potions of brilliance {unknown}
 z - a potion of lignification {unknown}
 D - 3 potions of heal wounds {unknown}
 E - a potion of cancellation {unknown}


   Skills:
 - Level 12.0 Fighting
 + Level 1.4 Armour
 - Level 1.7 Dodging
 - Level 1.7 Stealth
 - Level 8.0 Spellcasting
 - Level 9.0 Ice Magic
 - Level 10.0 Invocations


You had 19 spell levels left.
You knew the following spells:

 Your Spells              Type           Power      Damage    Failure   Level
a - Freeze                Ice            100%       1d10      1%          1
b - Frozen Ramparts       Ice            100%       1d16      1%          3
c - Ozocubu's Armour      Ice            65%        N/A       1%          3

Your spell library contained the following spells:

 Spells                   Type           Power      Damage    Failure   Level
 Ensorcelled Hibernation  Hex/Ice        86%        N/A       4%          2
 Apportation              Tloc           26%        N/A       14%         1
 Necrotise                Necr           52%        1d6       14%         1
 Summon Small Mammal      Summ           52%        N/A       14%         1
 Static Discharge         Conj/Air       26%        2-4/arc   22%         2
 Summon Ice Beast         Ice/Summ       43%        N/A       22%         4
 Spider Form              Tmut/Pois      13%        N/A       38%         3
 Airstrike                Air            6%         2d(1-17)  77%         4
 Anguish                  Hex/Necr       6%         N/A       77%         4
 Animate Dead             Necr           13%        N/A       77%         4
 Sticky Flame             Conj/Fire      13%        2d4       77%         4
 Summon Lightning Spire   Summ/Air       13%        N/A       77%         4
 Borgnjor's Vile Clutch   Necr/Erth      6%         N/A       97%         5
 Death Channel            Necr           6%         N/A       100%        6
 Monstrous Menagerie      Summ           6%         N/A       100%        7
 Borgnjor's Revivificati  Necr           6%         N/A       100%        8
 Necromutation            Tmut/Necr      6%         N/A       100%        8
 Death's Door             Necr           6%         N/A       100%        9
 Dragon's Call            Summ           6%         N/A       100%        9


Dungeon Overview and Level Annotations

Branches:
Dungeon (11/15)           Ossuary (visited)
 Temple: D:4-7         Lair: D:8-11         Orc: D:9-12

Altars:
Dithmenos
Fedhas
Kikubaaqudgha
Makhleb
Nemelex Xobeh
Okawaru
Sif Muna
Vehumet
Xom
Yredelemnul

Shops:
D:7 **

Annotations:
D:11 Sonja, Urug


Innate Abilities, Weirdness & Mutations

You sometimes gain power by taking damage.
You are partially covered in razor-sharp scales. (AC +1, Slay +1)
Your touch may inflict irresistible damage on your foes.
Your muscles are strong. (Str +4, Int/Dex -1)
Your spells are a little harder to cast, but a little more powerful.


Message History

Urug burns you. The heat melts your icy armour.
Reach: b) +6 spear "Gonlemucw" {venom, rF+ rN+}
Press: ? - help, Dir - move target, f/p - Urug
Aim: Urug, wielding a +4 scimitar of flaming, wearing a +0 chain mail and quivering javelins (heavily wounded, about 30% to evade the +6 spear "Gonlemucw")
You hit Urug but do no damage.
Urug is poisoned.
Urug is heavily wounded.
The wall freezes Urug but does no damage.
Urug hits you with a +4 scimitar of flaming.
The heat melts your icy armour.
Reach: b) +6 spear "Gonlemucw" {venom, rF+ rN+}
Press: ? - help, Dir - move target, f/p - Urug
Aim: Urug, wielding a +4 scimitar of flaming, wearing a +0 chain mail and quivering javelins (heavily wounded, very poisoned, about 30% to evade the +6 spear "Gonlemucw")
You hit Urug.
Urug looks even sicker.
Urug is heavily wounded.
The wall freezes Urug.
Urug hits you but does no damage.
Reach: b) +6 spear "Gonlemucw" {venom, rF+ rN+}
Press: ? - help, Dir - move target, f/p - Urug
Aim: Urug, wielding a +4 scimitar of flaming, wearing a +0 chain mail and quivering javelins (heavily wounded, very poisoned, about 30% to evade the +6 spear "Gonlemucw")
You hit Urug.
Urug looks as sick as possible!
Urug is heavily wounded.
The wall freezes Urug.
Urug hits you with a +4 scimitar of flaming!
The heat melts your icy armour.
Reach: b) +6 spear "Gonlemucw" {venom, rF+ rN+}
Press: ? - help, Dir - move target, f/p - Urug
Aim: Urug, wielding a +4 scimitar of flaming, wearing a +0 chain mail and quivering javelins (severely wounded, extremely poisoned, about 30% to evade the +6 spear "Gonlemucw")
You hit Urug but do no damage.
Urug looks as sick as possible!
Urug is severely wounded.
The wall freezes Urug!
Urug hits you with a +4 scimitar of flaming!!
* * * LOW HITPOINT WARNING * * *
You focus on the pain.
You feel more agile all of a sudden. Urug burns you.
* * * LOW HITPOINT WARNING * * *
The heat melts your icy armour.
You feel better.
The wall freezes Urug.
Urug hits you with a +4 scimitar of flaming!
You die...

......<....#.#.8.#
...........##....#
.........o.....8.#
.................##
.....#...#........#
#.#...#.....#.....##
###........#.......#
.......####..##.##
..# #..o@..#
##.##.## ######


You could see Urug (extremely poisoned).

Vanquished Creatures
  Gastronok (D:9)
  Harold (D:9)
  A two-headed ogre (D:10)
  The ghost of howech the Agnostic, a novice HOFi (D:7)
  Pikel (D:7)
  An ugly thing (D:10)
  Maggie (D:9)
  2 trolls (D:10)
  2 hornets (D:10)
  A shadow (D:10)
  A spriggan (D:8)
  A wraith (D:9)
  A wyvern (D:8)
  4 humans (D:6)
  14 yaks
  3 steam dragons
  3 vampire mosquitoes (D:8)
  An acid dragon (D:10)
  2 water moccasins
  3 orc warriors (D:8)
  An ice beast (D:7)
  A sky beast (D:6)
  2 black bears
  2 ogres
  2 centaurs (D:10)
  A lemure (D:7)
  A kobold brigand (D:8)
  2 phantoms
  A gnoll sergeant (D:10)
  12 scorpions
  2 bullfrogs
  5 wights (D:8)
  4 killer bees (D:10)
  2 howler monkeys
  2 centaur zombies (Ossuary)
  Crazy Yiuf (D:2)
  3 human zombies (Ossuary)
  3 orc priests
  4 hounds
  2 gnoll boudas
  A sleepcap (D:7)
  4 orc wizards
  A scorpion zombie (Ossuary)
  3 mummies (Ossuary)
  7 adders
  19 gnolls
  2 white imps
  4 dart slugs
  16 orcs
  2 bats (D:2)
  7 endoplasms
  A giant cockroach (D:1)
  10 goblins
  3 hobgoblins
  2 jackals (D:1)
  4 quokkas
  10 ball pythons
  4 frilled lizards
  3 goblin zombies (Ossuary)
  4 hobgoblin zombies (Ossuary)
  12 kobolds
  4 kobold zombies (Ossuary)
  3 orc zombies (Ossuary)
  7 rats
  A spectral orc (D:9)
232 creatures vanquished.

Notes
Turn   | Place    | Note
-------+----------+-------------------------------------------
     0 | D:1      | edwardauron the Demonspawn Ice Elementalist began the quest
                  | for the Orb.
     0 | D:1      | Reached XP level 1. HP: 13/13 MP: 3/3
   178 | D:1      | Gained mutation: Your touch may inflict minor irresistible
                  | damage on your foes. [demonic ancestry]
   178 | D:1      | Reached XP level 2. HP: 19/19 MP: 1/5
   783 | D:1      | Gained mutation: Your touch may inflict irresistible damage
                  | on your foes. [demonic ancestry]
   783 | D:1      | Reached XP level 3. HP: 24/24 MP: 7/7
   868 | D:1      | Found a faded altar of an unknown god.
  1284 | D:1      | Learned a level 3 spell: Frozen Ramparts
  1288 | D:1      | Learned a level 3 spell: Ozocubu's Armour
  1585 | D:2      | Found a runed translucent door.
  1586 | D:2      | Noticed Crazy Yiuf
  1593 | D:2      | Killed Crazy Yiuf
  1594 | D:2      | Reached XP level 4. HP: 8/30 MP: 1/9
  2036 | D:2      | Gained mutation: You sometimes gain a little power by
                  | taking damage. [demonic ancestry]
  2036 | D:2      | Reached XP level 5. HP: 35/35 MP: 11/11
  2386 | D:3      | Found an ancient bone altar of Kikubaaqudgha.
  2572 | D:3      | Reached skill level 5 in Ice Magic
  2955 | D:3      | Reached XP level 6. HP: 41/41 MP: 5/12
  3175 | D:4      | Found a shimmering blue altar of Sif Muna.
  3204 | D:4      | Identified the +6 spear "Gonlemucw" {venom, rF+ rN+}
  3218 | D:4      | Became a worshipper of Sif Muna the Loreminder
  3408 | D:4      | Got the Vellum of Combustion and Leadership
  3896 | D:5      | Entered Level 5 of the Dungeon
  3898 | D:5      | You fall into a shaft and drop 1 floor!
  3906 | D:6      | Gained mutation: Your muscles are strong. (Str +4, Int/Dex
                  | -1) [potion of mutation]
  3906 | D:6      | Gained mutation: Your spells are a little harder to cast,
                  | but a little more powerful. [potion of mutation]
  4016 | D:6      | Noticed a human
  4034 | D:6      | Killed a human
  4035 | D:6      | Reached XP level 7. HP: 28/46 MP: 7/13
  4043 | D:6      | Noticed a human
  4049 | D:6      | Noticed a human
  4177 | D:6      | Killed a human
  4198 | D:6      | Killed a human
  4317 | D:6      | Noticed a human
  4323 | D:6      | Killed a human
  4324 | D:6      | Reached XP level 8. HP: 37/52 MP: 7/14
  4600 | D:6      | Identified the +7 falchion of the Gnat {vamp, Stlth+}
  4698 | D:6      | Reached skill level 5 in Spellcasting
  5069 | D:7      | Noticed Pikel
  5077 | D:7      | Killed Pikel
  5078 | D:7      | Gained mutation: You are partially covered in razor-sharp
                  | scales. (AC +1, Slay +1) [demonic ancestry]
  5078 | D:7      | Reached XP level 9. HP: 48/57 MP: 12/20
  5135 | D:7      | Found Lota's Specific Store.
  5136 | D:7      | Found Ucwiuff's General Store.
  5145 | D:7      | Reached * piety under Sif Muna
  5230 | D:7      | Found a shadowy altar of Dithmenos.
  5379 | D:7      | Reached skill level 1 in Invocations
  5444 | D:7      | Found a sparkling altar of Nemelex Xobeh.
  5718 | D:7      | Found a runed translucent door.
  5722 | D:7      | Noticed howech's ghost (novice HOFi)
  5804 | D:7      | Found a blossoming altar of Fedhas.
  6182 | D:7      | Killed howech's ghost
  6414 | D:8      | Found a shimmering altar of Xom.
  6414 | D:8      | Found a shimmering altar of Xom.
  6418 | D:8      | Found a shimmering altar of Xom.
  6418 | D:8      | Found a shimmering altar of Xom.
  6418 | D:8      | Found a shimmering altar of Xom.
  6447 | D:8      | Reached skill level 10 in Invocations
  6447 | D:8      | Reached skill level 1 in Fighting
  6447 | D:8      | Reached XP level 10. HP: 59/65 MP: 19/22
  6488 | D:8      | Found a shimmering altar of Xom.
  6488 | D:8      | Found a shimmering altar of Xom.
  6542 | D:8      | Reached skill level 2 in Fighting
  6545 | D:8      | Identified the +1 hat of Submission {-Cast rN++ Str+4}
  6670 | D:8      | Reached ** piety under Sif Muna
  6671 | D:8      | Reached skill level 3 in Fighting
  6673 | D:8      | Reached skill level 4 in Fighting
  6706 | D:8      | Reached skill level 5 in Fighting
  6733 | D:8      | Found a sand-covered staircase.
  6743 | Ossuary  | Entered an ossuary
  6898 | Ossuary  | Reached skill level 6 in Fighting
  7169 | Ossuary  | Reached *** piety under Sif Muna
  7298 | D:8      | Found a radiant altar of Vehumet.
  7337 | D:8      | Reached skill level 7 in Fighting
  8145 | D:8      | Reached skill level 8 in Fighting
  8236 | D:9      | Noticed Maggie
  8645 | D:9      | Noticed Harold
  8659 | D:9      | Killed Harold
  8660 | D:9      | Reached skill level 9 in Fighting
  8660 | D:9      | Gained mutation: You sometimes gain power by taking damage.
                  | [demonic ancestry]
  8660 | D:9      | Reached XP level 11. HP: 42/89 MP: 17/23
  8867 | D:9      | Killed Maggie
  9489 | D:9      | Noticed Gastronok
  9538 | D:9      | Killed Gastronok
  9539 | D:9      | Reached skill level 10 in Fighting
  9765 | D:9      | Found a basalt altar of Yredelemnul.
  9795 | D:10     | Entered Level 10 of the Dungeon
  9815 | D:10     | Noticed a two-headed ogre
  9820 | D:10     | Paralysed by a hornet for 3 turns
  9828 | D:10     | Killed a two-headed ogre
 10119 | D:10     | Found a burning altar of Makhleb.
 10271 | D:10     | Reached skill level 11 in Fighting
 11025 | D:10     | Found an iron altar of Okawaru.
 11229 | D:11     | Noticed Sonja
 11374 | D:11     | Noticed Urug
 11374 | D:11     | Noticed a green ugly thing
 11385 | D:10     | Killed a green ugly thing
 11386 | D:10     | Reached skill level 12 in Fighting
 11386 | D:10     | Reached skill level 1 in Armour
 11498 | D:11     | Slain by Urug

Illustrated notes

Levels and vault maps discovered:
D:1:      co_arrival_square_in_a_square_in_a_square, layout_basic,
          shapermc_ecumenical_altar_notcrosses, minmay_liquid_box
D:2:      layout_basic, dreamdust_princess_bridge, minmay_misc_feat_x,
          uniq_crazy_yiuf_cottage
D:3:      layout_basic, general_overflow_altar, cheibrodos_gnoll_hut
D:4:      layout_loops_ring, lemuel_tele_altar, serial_aquarium,
          aquarium_bridge_straight [aquarium_subvault_bridge,
          aquarium_subvault_wall, aquarium_subvault_bridge,
          aquarium_subvault_wall], aquarium_bridge_island_small
          [aquarium_subvault_small_open, aquarium_subvault_balcony,
          aquarium_subvault_bridge, aquarium_subvault_balcony,
          aquarium_subvault_wall], aquarium_window_2, aquarium_window_1,
          aquarium_window_2, aquarium_window_2, aquarium_view_2a,
          aquarium_view_2d, aquarium_pool_four, corexii_corridor_pit,
          wad_floor_pattern_untrapped
D:5:      layout_basic, trog_three_pillars_becter,
          mainiacjoe_overflow_six_doors_small,
          nicolae_uskayaw_murder_on_the_dancefloor, temple_fountains,
          serial_shops, shop, shop, shop, nicolae_shop_real_fake_doors,
          kennysheep_generic_room_3, uniq_edmund
D:6:      layout_basic, minmay_ruffians
D:7:      layout_loops_ring, mainiacjoe_overflow_surrounded_room,
          nemelex_xobeh_ov_fountains_minmay, nicolae_overflow_hidden_temple,
          ebering_ghost_reflecting_pool, nicolae_specific_store, uniq_pikel
D:8:      layout_cave_pods, lemuel_doored_altar, lemuel_crystal_altar,
          nicolae_xom_altar_mimics, nicolae_ossuary_entry_ruins, the_hattery
D:9:      layout_loops_corners, yredelemnul_forgotten_temple_becter,
          uniq_maggie, uniq_harold, uniq_gastronok
D:10:     layout_loops_ring, bloody_makhleb, marbit_many_paths
D:11:     layout_cross, lair_entry_dummy, serial_column_ruins, column_ruins_hut,
          column_ruins_hut, column_ruins_columns_straight,
          column_ruins_columns_straight, column_ruins_columns_corner,
          column_ruins_columns_straight, column_ruins_grid_1,
          small_statue_alley_a, minivault_26, uniq_sonja, uniq_urug

Skill      XL: |  1  2  3  4  5  6  7  8  9 10 11 |
---------------+----------------------------------+-----
Spellcasting   | 3 4 7 8 |  8.0
Ice Magic      | 4 5 7 8 9 |  9.0
Invocations    | 10 | 10.0
Fighting       | 1 9 12 | 12.0
Armour         | 1 |  1.4
Dodging        | |  1.7
Stealth        | |  1.7

Action                     |  1- 3 |  4- 6 |  7- 9 | 10-12 || total
---------------------------+-------+-------+-------+-------++-------
  Melee: Unarmed           |    21 |       |       |       ||    21
         Touch             |    11 |     6 |    12 |    35 ||    64
         Short sword       |    26 |       |       |       ||    26
         Punch             |     1 |     1 |     1 |     1 ||     4
         Quarterstaff      |       |    19 |       |       ||    19
         Spear             |       |    28 |    84 |   281 ||   393
   Cast: Freeze            |    40 |    33 |     3 |       ||    76
         Frozen Ramparts   |     1 |     4 |    25 |    31 ||    61
         Ozocubu's Armour  |     1 |     4 |     8 |    16 ||    29
    Use: Scroll            |       |    10 |     5 |     4 ||    19
         Potion            |       |     1 |     4 |     2 ||     7
   Stab: Sleeping          |     2 |     1 |     1 |     6 ||    10
 Armour: Robe              |    21 |    19 |    28 |    32 ||   100
         Steam dragon scal |       |       |       |    38 ||    38
         Troll leather arm |       |       |       |    41 ||    41
  Dodge: Dodged            |    58 |    34 |    47 |   185 ||   324
  Block: Buckler           |       |       |       |    25 ||    25
